[ AOE2 MATCH · #505876313 ]
UnrankedHuns vs Incas
Player's team · LOSS
Rival team · WIN
[ REPLAY ANALYSIS · EXTRACTED FROM THE RECORDED GAME ]
Feudal
9:02
Castle
31:36
Imperial
—
| APM avg | 38.9 |
| APM peak | 52 |
| eAPM avg | 19.6 |
| Villagers / military | 68 / 48 |
Focus
⚔️ 43.9% · 🌾 56.1%
Scout Cavalry ×24 · Skirmisher ×18 · Knight ×5 · Cavalry Archer ×1
Feudal
10:12
Castle
30:50
Imperial
—
| APM avg | 55.3 |
| APM peak | 87 |
| eAPM avg | 29.8 |
| Villagers / military | 84 / 29 |
Focus
⚔️ 36.0% · 🌾 64.0%
Unknown (2550) ×61 · Archer ×28 · Fishing Ship ×5 · Spearman ×1
Match map
Initial resources + every placement click. Lines = walls · curves = elevation contours. ◆ gold · ⬟ stone · ● berries · ✦ relic · ◌ wall gap
Your base· Open — 5t gap
[DDocs] Dr.Rollstuhl - Twitch's base· Open — unwalled flank
Smoothed initial terrain · ◌ = detected wall gap · hover for details
Inputs per minute
— UpsideDownCumbrian - - [DDocs] Dr.Rollstuhl - Twitch
Build order — UpsideDownCumbrian
First 150 of 215 actions detected
| 0:00 | Queue | Villager (Male) |
| 0:00 | Queue | Villager (Male) |
| 0:08 | Queue | Villager (Male) |
| 0:08 | Queue | Villager (Male) |
| 1:15 | Queue | Villager (Male) |
| 1:46 | Queue | Villager (Male) |
| 1:53 | Build | Lumber Camp |
| 2:03 | Queue | Villager (Male) |
| 2:35 | Queue | Villager (Male) |
| 2:51 | Queue | Villager (Male) |
| 3:47 | Queue | Villager (Male) |
| 4:12 | Queue | Villager (Male) |
| 4:20 | Queue | Villager (Male) |
| 4:41 | Queue | Villager (Male) |
| 4:53 | Build | Mill |
| 4:55 | Queue | Villager (Male) |
| 5:19 | Queue | Villager (Male) |
| 5:40 | Queue | Villager (Male) |
| 6:21 | Queue | Villager (Male) |
| 6:27 | Research | Loom |
| 6:41 | Research | Feudal Age |
| 7:51 | Build | Barracks |
| 8:15 | Queue | Villager (Male) |
| 9:02 | Age | Feudal Age |
| 9:02 | Queue | Villager (Male) |
| 9:04 | Build | Stable |
| 9:18 | Queue | Villager (Male) |
| 9:25 | Research | Double-Bit Axe |
| 9:27 | Queue | Villager (Male) |
| 9:40 | Queue | Scout Cavalry |
| 9:57 | Queue | Villager (Male) |
| 9:58 | Queue | Scout Cavalry |
| 10:37 | Build | Watch Tower |
| 10:42 | Queue | Scout Cavalry |
| 10:46 | Build | Palisade Wall |
| 10:48 | Build | Palisade Wall |
| 10:54 | Queue | Scout Cavalry |
| 11:01 | Build | Blacksmith |
| 11:02 | Queue | Scout Cavalry |
| 11:17 | Queue | Villager (Male) |
| 11:21 | Queue | Villager (Male) |
| 11:44 | Queue | Villager (Male) |
| 11:47 | Queue | Villager (Male) |
| 11:49 | Build | Farm |
| 11:51 | Queue | Villager (Male) |
| 11:53 | Build | Archery Range |
| 12:06 | Research | Fletching |
| 12:07 | Queue | Scout Cavalry |
| 12:21 | Queue | Villager (Male) |
| 12:53 | Queue | Villager (Male) |
| 13:04 | Queue | Villager (Male) |
| 13:09 | Build | Mill |
| 13:11 | Queue | Villager (Male) |
| 13:57 | Queue | Scout Cavalry |
| 14:02 | Queue | Scout Cavalry |
| 14:12 | Build | Mining Camp |
| 14:24 | Build | Farm |
| 14:24 | Build | Farm |
| 14:24 | Build | Farm |
| 14:25 | Build | Farm |
| 14:26 | Queue | Villager (Male) |
| 14:31 | Queue | Skirmisher |
| 14:39 | Queue | Villager (Male) |
| 14:48 | Build | Farm |
| 14:56 | Queue | Skirmisher |
| 15:07 | Queue | Skirmisher |
| 15:45 | Queue | Skirmisher |
| 15:59 | Queue | Villager (Male) |
| 16:07 | Queue | Skirmisher |
| 16:09 | Queue | Scout Cavalry |
| 16:09 | Queue | Scout Cavalry |
| 16:15 | Build | Farm |
| 16:15 | Queue | Skirmisher |
| 16:16 | Queue | Scout Cavalry |
| 16:18 | Queue | Villager (Male) |
| 16:25 | Build | Watch Tower |
| 16:28 | Queue | Skirmisher |
| 16:45 | Queue | Villager (Male) |
| 16:56 | Queue | Villager (Male) |
| 17:21 | Build | Mill |
| 17:22 | Queue | Villager (Male) |
| 17:38 | Build | Watch Tower |
| 17:39 | Queue | Skirmisher |
| 17:43 | Queue | Villager (Male) |
| 17:45 | Build | Farm |
| 17:47 | Build | Farm |
| 18:00 | Queue | Skirmisher |
| 18:08 | Build | Farm |
| 18:19 | Queue | Villager (Male) |
| 18:36 | Queue | Scout Cavalry |
| 19:03 | Queue | Villager (Male) |
| 19:06 | Queue | Scout Cavalry |
| 19:15 | Queue | Skirmisher |
| 19:28 | Queue | Villager (Male) |
| 19:30 | Queue | Scout Cavalry |
| 19:47 | Queue | Skirmisher |
| 19:53 | Queue | Skirmisher |
| 19:55 | Queue | Villager (Male) |
| 20:26 | Queue | Villager (Male) |
| 20:40 | Queue | Villager (Male) |
| 20:43 | Build | Farm |
| 20:45 | Research | Horse Collar |
| 20:45 | Queue | Villager (Male) |
| 20:49 | Build | Market |
| 20:51 | Build | Mill |
| 20:52 | Build | Farm |
| 20:52 | Build | Farm |
| 20:52 | Build | Farm |
| 20:52 | Build | Farm |
| 20:59 | Queue | Scout Cavalry |
| 21:12 | Queue | Scout Cavalry |
| 21:27 | Build | Watch Tower |
| 21:34 | Queue | Scout Cavalry |
| 21:38 | Queue | Villager (Male) |
| 21:52 | Queue | Villager (Male) |
| 22:02 | Build | Mining Camp |
| 22:02 | Queue | Villager (Male) |
| 22:12 | Build | Palisade Wall |
| 22:16 | Build | Palisade Wall |
| 22:17 | Build | Palisade Wall |
| 22:44 | Research | Forging |
| 22:45 | Queue | Villager (Male) |
| 23:06 | Queue | Villager (Male) |
| 23:11 | Queue | Scout Cavalry |
| 23:12 | Queue | Villager (Male) |
| 23:18 | Queue | Villager (Male) |
| 23:40 | Queue | Scout Cavalry |
| 23:51 | Queue | Villager (Male) |
| 23:57 | Queue | Scout Cavalry |
| 24:03 | Build | Watch Tower |
| 24:09 | Build | Barracks |
| 24:11 | Build | Palisade Wall |
| 24:12 | Build | Palisade Wall |
| 24:13 | Build | Palisade Wall |
| 24:15 | Build | Palisade Wall |
| 24:18 | Build | Palisade Wall |
| 24:26 | Queue | Villager (Male) |
| 24:30 | Queue | Skirmisher |
| 24:31 | Queue | Skirmisher |
| 24:59 | Build | Palisade Wall |
| 25:00 | Build | Palisade Wall |
| 25:11 | Queue | Villager (Male) |
| 25:12 | Queue | Skirmisher |
| 25:13 | Queue | Skirmisher |
| 25:16 | Queue | Villager (Male) |
| 25:22 | Queue | Skirmisher |
| 25:24 | Queue | Scout Cavalry |
| 25:27 | Build | Farm |
| 25:28 | Build | Farm |
| 25:32 | Build | Watch Tower |
Build order — [DDocs] Dr.Rollstuhl - Twitch
First 150 of 247 actions detected
| 0:01 | Queue | Villager (Male) |
| 0:01 | Queue | Villager (Male) |
| 0:02 | Queue | Villager (Male) |
| 0:02 | Queue | Villager (Male) |
| 0:03 | Build | House |
| 1:12 | Queue | Villager (Male) |
| 1:52 | Queue | Villager (Male) |
| 2:22 | Build | Settlement |
| 2:25 | Queue | Villager (Male) |
| 2:38 | Queue | Villager (Male) |
| 2:38 | Queue | Villager (Male) |
| 3:06 | Queue | Villager (Male) |
| 3:06 | Queue | Villager (Male) |
| 3:27 | Queue | Villager (Male) |
| 3:41 | Queue | Villager (Male) |
| 4:21 | Build | Dock |
| 4:25 | Queue | Villager (Male) |
| 4:57 | Queue | Villager (Male) |
| 4:58 | Queue | Villager (Male) |
| 5:09 | Queue | Fishing Ship |
| 5:13 | Queue | Villager (Male) |
| 5:43 | Queue | Villager (Male) |
| 5:58 | Queue | Fishing Ship |
| 6:11 | Queue | Villager (Male) |
| 6:11 | Queue | Villager (Male) |
| 6:13 | Queue | Villager (Male) |
| 6:31 | Queue | Fishing Ship |
| 6:34 | Queue | Villager (Male) |
| 6:43 | Research | Loom |
| 6:53 | Queue | Villager (Male) |
| 7:15 | Queue | Villager (Male) |
| 7:15 | Queue | Fishing Ship |
| 7:23 | Build | House |
| 7:35 | Research | Loom |
| 7:55 | Build | House |
| 7:57 | Research | Feudal Age |
| 8:07 | Queue | Fishing Ship |
| 8:55 | Build | Barracks |
| 8:57 | Build | Palisade Wall |
| 9:44 | Queue | Villager (Male) |
| 10:12 | Age | Feudal Age |
| 10:21 | Build | Archery Range |
| 10:31 | Research | Double-Bit Axe |
| 10:35 | Research | Horse Collar |
| 10:46 | Build | House |
| 10:56 | Build | House |
| 11:00 | Queue | Villager (Male) |
| 11:02 | Queue | Spearman |
| 11:04 | Queue | Villager (Male) |
| 11:20 | Queue | Archer |
| 11:21 | Queue | Archer |
| 11:29 | Build | Settlement |
| 11:36 | Queue | Villager (Male) |
| 11:54 | Queue | Archer |
| 12:01 | Queue | Unit 2550 |
| 12:06 | Queue | Villager (Male) |
| 12:18 | Queue | Villager (Male) |
| 12:29 | Queue | Villager (Male) |
| 12:38 | Build | Archery Range |
| 12:40 | Queue | Villager (Male) |
| 12:49 | Queue | Unit 2550 |
| 13:10 | Queue | Villager (Male) |
| 13:26 | Build | House |
| 13:36 | Build | Palisade Gate |
| 13:49 | Queue | Archer |
| 13:55 | Build | Settlement |
| 14:00 | Queue | Archer |
| 14:03 | Queue | Archer |
| 14:13 | Queue | Villager (Male) |
| 14:26 | Queue | Villager (Male) |
| 14:43 | Queue | Villager (Male) |
| 14:49 | Queue | Villager (Male) |
| 14:59 | Queue | Archer |
| 15:06 | Queue | Archer |
| 15:08 | Queue | Villager (Male) |
| 15:13 | Build | Blacksmith |
| 15:42 | Queue | Archer |
| 15:54 | Queue | Archer |
| 15:55 | Queue | Villager (Male) |
| 16:00 | Queue | Archer |
| 16:01 | Queue | Unit 2550 |
| 16:01 | Queue | Unit 2550 |
| 16:03 | Queue | Villager (Male) |
| 16:14 | Build | Farm |
| 16:14 | Build | Farm |
| 16:14 | Build | Farm |
| 16:19 | Queue | Villager (Male) |
| 16:22 | Build | Farm |
| 16:40 | Build | Farm |
| 16:44 | Research | Fletching |
| 16:44 | Research | Scale Mail Armor |
| 16:45 | Research | Scale Mail Armor |
| 16:47 | Queue | Villager (Male) |
| 16:51 | Research | Tech 1402 |
| 16:53 | Queue | Villager (Male) |
| 17:14 | Build | Farm |
| 17:16 | Build | Farm |
| 17:18 | Queue | Villager (Male) |
| 17:21 | Build | House |
| 17:32 | Queue | Archer |
| 17:39 | Queue | Unit 2550 |
| 17:42 | Build | Farm |
| 17:44 | Build | Farm |
| 17:46 | Queue | Villager (Male) |
| 17:48 | Build | Farm |
| 17:49 | Queue | Archer |
| 17:52 | Queue | Archer |
| 18:11 | Queue | Villager (Male) |
| 18:16 | Queue | Villager (Male) |
| 18:22 | Queue | Archer |
| 18:48 | Queue | Unit 2550 |
| 18:49 | Queue | Archer |
| 18:52 | Build | Barracks |
| 19:10 | Queue | Archer |
| 19:17 | Queue | Villager (Male) |
| 19:19 | Build | Farm |
| 19:20 | Queue | Villager (Male) |
| 19:27 | Queue | Archer |
| 19:37 | Queue | Archer |
| 19:41 | Queue | Villager (Male) |
| 19:53 | Build | Farm |
| 19:54 | Queue | Villager (Male) |
| 20:00 | Queue | Unit 2550 |
| 20:00 | Queue | Unit 2550 |
| 20:04 | Queue | Unit 2550 |
| 20:04 | Queue | Unit 2550 |
| 20:04 | Queue | Unit 2550 |
| 20:05 | Queue | Villager (Male) |
| 20:13 | Queue | Unit 2550 |
| 20:19 | Build | Settlement |
| 20:30 | Queue | Villager (Male) |
| 20:31 | Queue | Villager (Male) |
| 20:44 | Queue | Villager (Male) |
| 20:48 | Queue | Villager (Male) |
| 21:02 | Build | Watch Tower |
| 21:06 | Queue | Villager (Male) |
| 21:13 | Queue | Archer |
| 21:14 | Build | Farm |
| 21:17 | Queue | Villager (Male) |
| 21:32 | Research | Gold Mining |
| 21:33 | Research | Gold Mining |
| 21:36 | Research | Wheelbarrow |
| 21:40 | Research | Arson |
| 21:40 | Queue | Unit 2550 |
| 21:51 | Build | Farm |
| 21:54 | Research | Forging |
| 21:55 | Queue | Villager (Male) |
| 22:02 | Queue | Archer |
| 22:10 | Queue | Unit 2550 |
| 22:14 | Build | Farm |
Match timeline
| 4:21 | [DDocs] Dr.Rollstuhl - Twitch · first_building Dock |
| 7:51 | UpsideDownCumbrian · first_building Barracks |
| 8:55 | [DDocs] Dr.Rollstuhl - Twitch · first_building Barracks |
| 8:57 | [DDocs] Dr.Rollstuhl - Twitch · wall_segment Palisade Wall x1 |
| 9:02 | UpsideDownCumbrian · age_up feudal |
| 9:04 | UpsideDownCumbrian · first_building Stable |
| 10:12 | [DDocs] Dr.Rollstuhl - Twitch · age_up feudal |
| 10:21 | [DDocs] Dr.Rollstuhl - Twitch · first_building Archery Range |
| 10:46 | UpsideDownCumbrian · wall_segment Palisade Wall x1 |
| 10:48 | UpsideDownCumbrian · wall_segment Palisade Wall x1 |
| 11:53 | UpsideDownCumbrian · first_building Archery Range |
| 22:12 | UpsideDownCumbrian · wall_segment Palisade Wall x1 |
| 22:16 | UpsideDownCumbrian · wall_segment Palisade Wall x1 |
| 22:17 | UpsideDownCumbrian · wall_segment Palisade Wall x1 |
| 24:11 | UpsideDownCumbrian · wall_segment Palisade Wall x1 |
| 24:12 | UpsideDownCumbrian · wall_segment Palisade Wall x1 |
| 24:13 | UpsideDownCumbrian · wall_segment Palisade Wall x1 |
| 24:15 | UpsideDownCumbrian · wall_segment Palisade Wall x1 |
| 24:18 | UpsideDownCumbrian · wall_segment Palisade Wall x1 |
| 24:59 | UpsideDownCumbrian · wall_segment Palisade Wall x1 |
| 25:00 | UpsideDownCumbrian · wall_segment Palisade Wall x1 |
| 26:11 | UpsideDownCumbrian · wall_segment Palisade Wall x3 |
| 27:41 | UpsideDownCumbrian · wall_segment Palisade Wall x1 |
| 27:41 | UpsideDownCumbrian · wall_segment Palisade Wall x1 |
| 27:43 | UpsideDownCumbrian · wall_segment Palisade Wall x1 |
| 28:02 | [DDocs] Dr.Rollstuhl - Twitch · first_market_buy 100 food |
| 28:04 | UpsideDownCumbrian · first_market_sell 100 stone |
| 28:07 | UpsideDownCumbrian · first_market_buy 100 food |
| 28:21 | UpsideDownCumbrian · wall_segment Palisade Wall x1 |
| 28:22 | UpsideDownCumbrian · wall_segment Palisade Wall x1 |
| 28:24 | UpsideDownCumbrian · wall_segment Palisade Wall x1 |
| 28:28 | UpsideDownCumbrian · wall_segment Palisade Wall x1 |
| 28:29 | UpsideDownCumbrian · wall_segment Palisade Wall x1 |
| 28:30 | UpsideDownCumbrian · wall_segment Palisade Wall x1 |
| 28:33 | UpsideDownCumbrian · wall_segment Palisade Wall x1 |
| 29:35 | UpsideDownCumbrian · wall_segment Palisade Wall x1 |
| 29:38 | UpsideDownCumbrian · wall_segment Palisade Wall x3 |
| 29:49 | UpsideDownCumbrian · wall_segment Palisade Wall x1 |
| 30:30 | UpsideDownCumbrian · wall_segment Palisade Wall x1 |
| 30:45 | UpsideDownCumbrian · wall_segment Palisade Wall x6 |
| 30:48 | UpsideDownCumbrian · wall_segment Palisade Wall x1 |
| 30:49 | UpsideDownCumbrian · wall_segment Palisade Wall x5 |
| 30:50 | [DDocs] Dr.Rollstuhl - Twitch · age_up castle |
| 30:50 | UpsideDownCumbrian · wall_segment Palisade Wall x1 |
| 30:59 | [DDocs] Dr.Rollstuhl - Twitch · first_market_sell 100 wood |
| 31:05 | [DDocs] Dr.Rollstuhl - Twitch · first_building Castle |
| 31:26 | UpsideDownCumbrian · wall_segment Palisade Wall x5 |
| 31:27 | UpsideDownCumbrian · wall_segment Palisade Wall x3 |
| 31:28 | UpsideDownCumbrian · wall_segment Palisade Wall x1 |
| 31:36 | UpsideDownCumbrian · age_up castle |
| 32:56 | UpsideDownCumbrian · resign |
[ AI ANALYSIS · 1 CREDIT ]
What really happened in this match?
Wolo.gg analyzes every decision: build order, eco, micro, common mistakes by bracket. Personalized analysis on WhatsApp or Discord in 30 seconds.
Civ guide
Huns
Perfil
Jugador #18648149